 Dungeon Crawl Stone Soup version 0.32-a0-799-g95e1662365 (webtiles) character file.

Game seed: 3351084893264829520

1610759 Ge0ff the Minotaur Calf (level 26, 215/215 HPs)
             Began as a Minotaur Alchemist on Mar 21, 2024.
             Was a Follower of Hepliaklqana.
             Escaped with the Orb
             ... and 3 runes!
             The game lasted 03:00:47 (74566 turns).

Ge0ff the Minotaur Calf (Minotaur Alchemist)       Turns: 74566, Time: 03:00:47

Health: 215/215    AC: 23    Str: 28    XL:     26   Next: 36%
Magic:  41/41      EV: 19    Int: 17    God:    Hepliaklqana [*.....]
Gold:   460        SH: 18    Dex: 14    Spells: 31/39 levels left

rFire   + + +        a - +9 demon trident (spect)
rCold   + . .        w - +5 kite shield {rC+}
rNeg    + + .        i - +5 moon troll leather armour {Spirit, Regen++ MP+5}
rPois   +            x - +2 hat
rElec   .            Y - +2 cloak
rCorr   .            c - +2 pair of gloves {hurl}
SInv    +            Q - +1 pair of boots of Marchosmu {Regen+ Str+4 Slay+3}
Will    +....        p - amulet "Pottinni" {Spirit Rampage rPois rN++ Str-4}
Stlth   +            h - ring of Mofer {rF+++ Str+6 Int+5 Stlth-, =R}
HPRegen 2.95/turn    j - ring of see invisible
MPRegen 0.27/turn

%: guardian spirit, rampage
@: hasted, very quick
A: reduced essence, horns 2, retaliatory headbutt
0: Orb of Zot
}: 3/15 runes: serpentine, barnacled, silver
a: Renounce Religion, Recall Ancestor, Ancestor Identity


You escaped.
You worshipped Hepliaklqana.
Hepliaklqana was aware of your devotion.
You visited 10 branches of the dungeon, and saw 48 of its levels.
You also visited: Trove, Sewer, Ossuary and Volcano.

You collected 9526 gold pieces.
You spent 9066 gold pieces at shops.

Inventory:

Hand Weapons
 a - a +9 spectral demon trident (weapon)
Missiles
 k - 2 boomerangs (quivered)
 l - 21 javelins
 v - 11 curare-tipped darts {=F}
 L - 16 silver javelins
Armour
 c - a +2 pair of gloves of hurling (worn)
 i - the +5 moon troll leather armour (worn) {Spirit, Regen++ MP+5}
   (You found it on level 5 of the Vaults)

   MP+5:      It affects your magic capacity (+5).
   Regen++:   It increases your rate of health regeneration.
 w - a +5 kite shield of cold resistance (worn)
 x - a +2 hat (worn)
 D - quicksilver dragon scales
 Q - the +1 pair of boots of Marchosmu (worn) {Regen+ Str+4 Slay+3}
   (You acquired it on level 5 of the Vaults)

   Str+4:     It affects your strength (+4).
   Slay+3:    It affects your accuracy & damage with ranged weapons and melee
   (+3).
   Regen+:    It increases your rate of health regeneration.
 Y - a +2 cloak (worn)
Jewellery
 b - an amulet of faith
 f - an amulet of regeneration
 h - the ring of Mofer (left hand) {rF+++ Str+6 Int+5 Stlth-, =R}
   (You found it on level 4 of the Vaults)

   [ring of strength]

   Str+6:     It affects your strength (+6).
   Int+5:     It affects your intelligence (+5).
   rF+++:     It renders you almost immune to fire.
   Stlth-:    It makes you less stealthy.
 j - a ring of see invisible (right hand)
 m - the ring "Nemiygad" {rPois rF+ Will+ rCorr}
   (You took it off an ironbound preserver on level 5 of the Vaults)

   [ring of protection from fire]

   rF+:       It protects you from fire.
   rPois:     It protects you from poison.
   Will+:     It increases your willpower.
   rCorr:     It protects you from acid and corrosion.
 p - the amulet "Pottinni" (around neck) {Spirit Rampage rPois rN++ Str-4}
   (You bought it in a shop on level 2 of the Depths)

   [amulet of guardian spirit]

   Spirit:    It causes incoming damage to be divided between your reserves of
   health and magic.
   Str-4:     It affects your strength (-4).
   rPois:     It protects you from poison.
   rN++:      It greatly protects you from negative energy.
   Rampage:   It bestows one free step when moving towards enemies.
 A - a +5 ring of evasion
 G - a ring of flight
Wands
 d - a wand of digging (28)
 e - a wand of charming (46)
 r - a wand of roots (14)
 s - a wand of mindburst (11)
 P - a wand of polymorph (29)
Scrolls
 y - 5 scrolls of immolation
 B - 6 scrolls of blinking
 C - 4 scrolls of poison
 F - 2 scrolls of fog
 J - a scroll of silence {!r}
 S - 5 scrolls of summoning
 T - 20 scrolls of teleportation
 V - 11 scrolls of vulnerability
Potions
 o - 2 potions of ambrosia
 q - 29 potions of curing
 u - 5 potions of mutation {!q}
 z - 6 potions of brilliance
 H - 2 potions of haste {!q}
 I - a potion of invisibility
 K - 2 potions of magic {!q}
 M - a potion of might
 N - 7 potions of cancellation {!q}
 R - 2 potions of resistance
 W - 13 potions of heal wounds {!q}
 X - 6 potions of enlightenment
 Z - 3 potions of berserk rage {!q}
Miscellaneous
 n - a phial of floods
 t - a tin of tremorstones (1/2)
 O - a box of beasts (inert)
 U - a phantom mirror (inert)


   Skills:
 - Level 20.0 Fighting
 - Level 15.1(18.9) Axes
 - Level 16.0(18.4) Maces & Flails
 - Level 10.2(14.0) Polearms
 - Level 16.0 Throwing
 - Level 20.0 Armour
 - Level 17.0 Dodging
 + Level 8.7 Stealth
 - Level 15.0 Shields
 - Level 7.0 Spellcasting
 - Level 2.0 Conjurations
 - Level 7.0 Translocations
 - Level 7.0 Earth Magic
 - Level 2.1 Alchemy
 - Level 20.1 Invocations
 + Level 14.5 Evocations
 - Level 1.0 Shapeshifting


You had 31 spell levels left.
You knew the following spells:

 Your Spells              Type           Power      Damage    Failure   Level
g - Apportation           Tloc           58%        N/A       1%          1
w - Passwall              Erth           29%        N/A       3%          3
C - Manifold Assault      Tloc           29%        N/A       10%         4

Your spell library contained the following spells:

 Spells                   Type           Power      Damage    Failure   Level
 Gell's Gravitas          Tloc           29%        N/A       3%          3
 Teleport Other           Tloc           29%        N/A       3%          3
 Magic Dart               Conj           48%        1d5       8%          1
 Sting                    Conj/Alch      52%        1d6       8%          1
 Stone Arrow              Conj/Erth      42%        3d9       9%          3
 Passage of Golubria      Tloc           29%        N/A       10%         4
 Foxfire                  Conj/Fire      36%        2x1d5     12%         1
 Kiss of Death            Conj/Necr      36%        2d8       12%         1
 Shock                    Conj/Air       36%        1d5       12%         1
 Searing Ray              Conj           24%        2d5       12%         2
 Volatile Blastmotes      Fire/Tloc      34%        2d12      12%         3
 Freeze                   Ice            20%        1d4       17%         1
 Necrotise                Necr           20%        1d5       17%         1
 Slow                     Hex            20%        N/A       17%         1
 Summon Small Mammal      Summ           20%        N/A       17%         1
 Mercury Vapours          Alch/Air       18%        N/A       17%         2
 Static Discharge         Conj/Air       18%        3-4/arc   17%         2
 Cigotuvi's Dreadful Rot  Necr/Alch/Air  16%        N/A       21%         2
 Ensorcelled Hibernation  Hex/Ice        10%        N/A       26%         2
 Jinxbite                 Hex            10%        N/A       26%         2
 Scorch                   Fire           10%        2d5       26%         2
 Brom's Barrelling Bould  Conj/Erth      21%        2d4       26%         4
 Iskenderun's Mystic Bla  Conj/Tloc      21%        2d6       26%         4
 Leda's Liquefaction      Alch/Erth      10%        N/A       26%         4
 Lee's Rapid Deconstruct  Erth           14%        3d9*      26%         5
 Mephitic Cloud           Conj/Alch/Air  10%        N/A       30%         3
 Dazzling Flash           Conj/Hex       18%        N/A       34%         3
 Hailstorm                Conj/Ice       9%         3d6       34%         3
 Animate Armour           Summ/Erth      34%        N/A       38%         4
 Dimensional Bullseye     Hex/Tloc       8%         N/A       38%         4
 Vhi's Electric Charge    Tloc/Air       34%        N/A       38%         4
 Call Canine Familiar     Summ           5%         N/A       45%         3
 Confusing Touch          Hex            5%         N/A       45%         3
 Frozen Ramparts          Ice            10%        1d2       45%         3
 Ozocubu's Armour         Ice            5%         N/A       45%         3
 Sigil of Binding         Hex            5%         N/A       45%         3
 Summon Ice Beast         Ice/Summ       5%         N/A       45%         3
 Swiftness                Air            5%         N/A       45%         3
 Tukima's Dance           Hex            5%         N/A       45%         3
 Olgreb's Toxic Radiance  Alch           13%        N/A       56%         4
 Fulminant Prism          Conj/Alch      6%         3d6       58%         4
 Sticky Flame             Fire/Alch      9%         2d5       73%         4
 Flame Wave               Conj/Fire      9%         2d6       75%         4
 Borgnjor's Vile Clutch   Necr/Erth      8%         N/A       75%         5
 Dispersal                Tloc           14%        N/A       83%         6
 Airstrike                Air            2%         2d(1-17)  86%         4
 Anguish                  Hex/Necr       2%         N/A       86%         4
 Cause Fear               Hex            2%         N/A       86%         4
 Dispel Undead            Necr           5%         3d7       86%         4
 Martyr's Knell           Necr/Summ      5%         N/A       86%         4
 Summon Blazeheart Golem  Fire/Summ      5%         N/A       86%         4
 Summon Lightning Spire   Summ/Air       5%         N/A       86%         4
 Alistair's Intoxication  Alch           8%         N/A       89%         5
 Arcjolt                  Conj/Air       4%         1d14      97%         5
 Fireball                 Conj/Fire      4%         3d4       97%         5
 Yara's Violent Unravell  Hex/Alch       4%         3d4       97%         5
 Metabolic Englaciation   Hex/Ice        2%         N/A       99%         5
 Silence                  Hex/Air        2%         N/A       99%         5
 Bombard                  Conj/Erth      10%        9d3       99%         6
 Permafrost Eruption      Ice/Erth       8%         2x4d4     99%         6
 Death Channel            Necr           2%         N/A       100%        6
 Eringya's Noxious Bog    Alch           6%         4d6       100%        6
 Sculpt Simulacrum        Ice/Alch       4%         N/A       100%        6
 Starburst                Conj/Fire      4%         6d4       100%        6
 Summon Cactus Giant      Summ           2%         N/A       100%        6
 Enfeeble                 Hex            2%         N/A       100%        7
 Malign Gateway           Summ/Tloc      8%         N/A       100%        7
 Orb of Destruction       Conj           6%         9d6       100%        7
 Disjunction              Tloc           14%        N/A       100%        8
 Infestation              Necr           2%         N/A       100%        8
 Lehudib's Crystal Spear  Conj/Erth      10%        10d4      100%        8
 Maxwell's Capacitive Co  Air            2%         ∞         100%        8
 Summon Horrible Things   Summ           2%         N/A       100%        8
 Dragon's Call            Summ           2%         N/A       100%        9
 Fire Storm               Conj/Fire      4%         8d1       100%        9


Dungeon Overview and Level Annotations

Branches:
Dungeon (15/15)            Temple (1/1) D:6            Lair (5/5) D:10
 Shoals (4/4) Lair:3        Snake (4/4) Lair:3        Slime (0/5) Lair:4
    Orc (2/2) D:10            Elf (3/3) Orc:2        Vaults (5/5) D:14
  Crypt (0/3) Vaults:2     Depths (4/4) D:15            Zot (5/5) Depths:4
  Sewer (visited)         Ossuary (visited)         Volcano (visited)

Altars:
Ashenzari
Cheibriados
Dithmenos
Elyvilon
Fedhas
Gozag
Hepliaklqana
Kikubaaqudgha
Makhleb
Nemelex Xobeh
Okawaru
Qazlal
Ru
Sif Muna
Trog
Uskayaw
Vehumet
Wu Jian
Xom
Yredelemnul
Zin
The Shining One

Shops:
D:7 :   D:11 *   Orc:1 [   Orc:2 =:[!(   Elf:2 ?![*?   Shoals:1 ?*
Shoals:2 [*   Snake:3 [!   Vaults:1 (*   Vaults:2 :   Vaults:3 ?   Vaults:4 *
Depths:2 =:=

Portals:
Hell: Depths:1 Depths:2 Depths:3 Depths:4
Abyss: Depths:2 Depths:3
Pandemonium: Depths:2 Depths:4
Ziggurat: Depths:2


Innate Abilities, Weirdness & Mutations

Your life essence is reduced to manifest your ancestor. (-10% HP)
You have a pair of horns on your head.
You reflexively headbutt those who attack you in melee.


Message History

You continue removing the amulet "Pottinni" {Spirit Rampage rPois rN++ Str-4}. x4
You finish removing the amulet "Pottinni" {Spirit Rampage rPois rN++ Str-4}.
You no longer feel able to rampage towards enemies.
You start putting on your amulet.
You continue putting on your amulet of faith. x5
You finish putting on your amulet of faith.
You feel a surge of divine interest.
b - an amulet of faith (around neck)
You start removing your amulet.
You continue removing your amulet of faith. x4
You finish removing your amulet of faith.
Hepliaklqana seems less interested in you.
You feel less pious.
You no longer drain nearby creatures when transferring your ancestor.
You start putting on your amulet.
You continue putting on your amulet of faith. x5
You finish putting on your amulet of faith.
You feel a surge of divine interest.
b - an amulet of faith (around neck)
You start removing your amulet.
You continue removing your amulet of faith. x4
You finish removing your amulet of faith.
Hepliaklqana seems less interested in you.
You feel less pious.
You can no longer swap creatures with your ancestor.
You start putting on your amulet.
You continue putting on your amulet of faith. x5
You finish putting on your amulet of faith.
You feel a surge of divine interest.
b - an amulet of faith (around neck)
You start removing your amulet.
You continue removing your amulet of faith. x4
You finish removing your amulet of faith.
Hepliaklqana seems less interested in you.
You feel less pious.
You start putting on your amulet.
You continue putting on the amulet "Pottinni" {Spirit Rampage rPois rN++ Str-4}. x2
Cowcestor mumbles some strange words.
The shadow demon appears confused.
You continue putting on the amulet "Pottinni" {Spirit Rampage rPois rN++ Str-4}.
Cowcestor casts a spell at the shadow demon.
The shadow demon resists with almost no effort.
You continue putting on the amulet "Pottinni" {Spirit Rampage rPois rN++ Str-4}. x2
You finish putting on the amulet "Pottinni" {Spirit Rampage rPois rN++ Str-4}.
You feel spirits watching over you.
You feel weaker.
You feel ready to rampage towards enemies.
p - the amulet "Pottinni" (around neck) {Spirit Rampage rPois rN++ Str-4} Unknown command.
You have escaped!

............#########......##....
###......)###.......####..###....
#....##.......⌠........## #....
#....#####..⌠...⌠..##.## #....
#....## ##.......##### #.###
#.##..# ##..⌠..## #.# #..####
##...## #.## ##.# ####...####
#..#
####.#######...R@....#########.##
.....#.....................# #..#
.#####..⌠2...⌠.....⌠....⌠..# ##.#
.# #.....⌠....#....⌠.....# #.# ##
##..⌠....#####....⌠..## #[. #
##....### ###....## ##.
#########>### ###>## #.
...##...################# #.
##...........##.......# #.


You could see the friendly Cowcestor the hexer and a shadow demon (confused,
ally target).

Vanquished Creatures
  4 ancient liches
  A dread lich (Vaults:5)
  Frederick (Vaults:5)
  2 orbs of fire (Zot:5)
  Mara (Snake:4)
  A juggernaut (Depths:3)
  Boris (Vaults:3)
  7 Killer Klowns
  Vv (Depths:3)
  Vashnia (Snake:4)
  A caustic shrike (Depths:4)
  2 curse toes (Zot:4)
  8 golden dragons
  An electric golem (Zot:5)
  A doom hound (Zot:2)
  A Tzitzimitl (Zot:4)
  13 tentacled monstrosities
  A lich (Vaults:4)
  23 Orb Guardians
  2 deep elf blademasters (Elf:3)
  A quicksilver dragon (Depths:4)
  Grunn (Zot:2)
  Asterion (Snake:3)
  A walking earthen tome (Depths:3)
  2 deep elf master archers (Elf:3)
  4 titans
  A kraken (Shoals:4)
  4 sphinxes
  A tentacled starspawn (Lair:5)
  6 tengu reavers
  6 death cobs (Zot:4)
  9 storm dragons
  6 shadow dragons
  The ghost of Nainas the Marksgoblin, an adept CoHu of Okawaru (Shoals:2)
  7 draconian monks
  2 nagarajas (Snake:4)
  3 protean progenitors
  5 draconian knights
  4 fire giants
  A draconian scorcher (Zot:4)
  10 frost giants
  2 draconian shifters
  5 ghost moths
  12 vault wardens
  2 deep elf sorcerers
  2 balrugs
  An orc warlord (Vaults:2)
  An angel (Zot:4)
  An iron dragon (Depths:4)
  A reaper (Depths:4)
  6 draconian annihilators
  2 spriggan defenders (Depths:4)
  A deep elf elementalist (Elf:3)
  19 ironbound preservers
  4 draconian stormcallers
  3 formless jellyfish
  17 stone giants
  13 green draconians
  2 vampire knights
  10 very ugly things
  7 ironbound thunderhulks
  8 black draconians
  5 white draconians
  A demonspawn black sun (Zot:4)
  9 deep elf demonologists
  4 dire elephants
  5 deep elf death magi
  3 war gargoyles
  Azrael (Snake:1)
  A lorocyproca (Zot:4)
  3 yellow draconians
  4 deep elf annihilators
  7 purple draconians
  8 spark wasps
  6 merfolk javelineers
  8 red draconians
  10 merfolk impalers
  A jiangshi (Vaults:2)
  5 crystal guardians
  4 ettins
  Josephine (Orc:2)
  Fannar (D:11)
  12 ice dragons
  A rakshasa (Depths:3)
  An entropy weaver (Vaults:1)
  25 vault guards
  3 deep elf high priests
  6 fire dragons
  9 yaktaur captains
  4 ogre magi
  5 great orbs of eyes
  A hell beast (Depths:4)
  4 hydras
  11 anacondas
  2 salamander tyrants
  2 merfolk avatars
  18 centaur warriors
  4 spriggan air magi
  A catoblepas (D:15)
  6 peacekeepers
  3 ironbound frosthearts
  4 merfolk aquamancers
  18 two-headed ogres
  15 dancing weapons
  5 deep troll shamans
  2 alligators (Zot:5)
  3 satyrs
  3 hell hogs (Zot:4)
  9 boulder beetles
  7 deep troll earth magi
  5 tengu warriors
  4 spriggan berserkers
  12 naga warriors
  9 shock serpents
  A demonic crawler (D:15)
  A vampire mage (Vaults:2)
  13 naga sharpshooters
  10 deep elf knights
  4 spriggans
  An orc high priest (Orc:2)
  A soul eater (D:15)
  4 sun demons
  5 skeletal warriors
  4 skysharks
  6 iron trolls
  5 salamander mystics
  15 sea snakes
  7 naga ritualists
  An orb spider (Depths:3)
  41 deep trolls
  15 lindwurms
  15 mana vipers
  2 flayed ghosts
  An arcanist (Vaults:4)
  3 obsidian bats
  5 deep elf archers
  2 glowing orange brains (Depths:3)
  An obsidian statue (Shoals:2)
  3 thermic dynamos (Elf:1)
  2 phantasmal warriors
  An elf zombie (Vaults:3)
  19 harpies
  2 orange crystal statues
  4 orc knights
  14 deep elf zephyrmancers
  2 necromancers
  21 ironbound convokers
  A kraken simulacrum (Shoals:4)
  23 deep elf pyromancers
  An orc sorcerer (Volcano)
  12 cyclopes
  A tengu skeleton (Vaults:3)
  A wolf spider (Lair:3)
  25 salamanders
  A faun (shapeshifter) (Vaults:5)
  8 fauns
  Maurice (Orc:1)
  11 manticores
  18 ugly things
  6 moths of wrath
  2 elephants (shapeshifter)
  A frost giant skeleton (Vaults:3)
  7 vault sentinels
  29 black mambas
  6 guardian serpents
  8 elephants
  3 smoke demons
  3 water nymphs
  2 kobold blastminers (Orc:1)
  7 merfolk sirens
  Joseph (Lair:1)
  A torpor snail (Lair:5)
  10 naga magi
  A molten gargoyle (Volcano)
  An unseen horror (shapeshifter) (D:15)
  2 hellions
  29 yaktaurs
  2 rime drakes
  16 cane toads
  3 freezing wraiths
  A kobold demonologist (D:12)
  2 komodo dragons
  A red devil (Volcano)
  5 tengu conjurers
  3 trolls
  2 polar bears
  A polar bear (shapeshifter) (Vaults:5)
  18 merfolk
  Prince Ribbit (D:7)
  4 wind drakes
  A tyrant leech (Lair:5)
  5 hornets
  A wolf spider simulacrum (D:14)
  7 snapping turtles
  13 dream sheep
  18 blink frogs
  A glass eye (Depths:3)
  A jumping spider (shapeshifter) (Vaults:5)
  A centaur simulacrum (D:14)
  4 air elementals
  A shadow (D:12)
  4 wraiths
  A deep troll skeleton (Vaults:4)
  2 wyverns
  2 vampires
  9 water elementals
  19 slime creatures
  A human (Lair:5)
  2 fire bats (Volcano)
  A steam dragon (Lair:3)
  55 yaks
  A yak (shapeshifter) (D:14)
  4 basilisks
  3 fire elementals (Snake:1)
  11 vampire mosquitoes
  2 wargs
  A redback (Vaults:1)
  28 nagas
  A swamp worm (shapeshifter) (Vaults:5)
  An acid dragon (D:13)
  2 hell hounds
  7 water moccasins
  9 orc warriors
  A deep troll simulacrum (Vaults:4)
  A human zombie (Vaults:4)
  2 ice beasts
  A sky beast (D:7)
  4 black bears
  2 laughing skulls
  8 centaurs
  21 ogres
  A wolf (Lair:3)
  7 boggarts (Vaults:3)
  3 kobold brigands
  2 weeping skulls (Ossuary)
  10 bullfrogs
  3 scorpions
  3 gnoll sergeants
  An earth elemental (Elf:2)
  10 wights
  9 killer bees
  3 electric eels
  2 howler monkeys (D:7)
  5 hexers
  A lava snake (Volcano)
  2 centaur zombies (Ossuary)
  5 orc priests
  3 bombardier beetles
  4 hounds (D:5)
  A jelly (D:4)
  2 gnoll boudas
  2 iguanas
  A sleepcap (D:6)
  12 orc wizards
  5 mummies (Ossuary)
  10 adders
  21 gnolls
  3 river rats
  A shadow imp (D:6)
  5 ufetubi
  A dart slug (D:2)
  39 orcs
  10 ball pythons
  3 bats
  9 endoplasms
  2 giant cockroaches
  A gnoll zombie (Ossuary)
  5 goblins
  12 hobgoblins
  6 jackals
  2 quokkas
  5 frilled lizards
  16 kobolds
  4 kobold zombies
  2 orc zombies (Ossuary)
  12 rats
  An aspiring flesh (Zot:2)
  5 spectral weapons
  2 tentacles (Shoals:4)
1614 creatures vanquished.

Vanquished Creatures (collateral kills)
  2 ancient liches
  3 orbs of fire (Zot:5)
  Sojobo (Vaults:4)
  3 Killer Klowns (Zot:5)
  Parghit (Zot:2)
  3 golden dragons
  3 curse toes (Zot:4)
  2 doom hounds (Zot:2)
  2 electric golems
  2 titans
  5 Orb Guardians (Zot:5)
  The ghost of Ceyran the Executioner, an adept MiFi of Okawaru (Vaults:4)
  2 liches (Depths:3)
  3 sphinxes
  3 quicksilver dragons
  6 tentacled monstrosities
  5 death cobs
  5 shadow dragons
  2 tengu reavers
  Aizul (Elf:3)
  7 storm dragons
  A draconian knight (Zot:4)
  A nagaraja (Snake:2)
  2 fire giants (Vaults:5)
  A protean progenitor (Zot:5)
  3 frost giants
  2 deep elf sorcerers
  A draconian shifter (Zot:2)
  4 ghost moths
  A deep elf elementalist (Elf:3)
  An orc warlord (Vaults:1)
  5 vault wardens
  A draconian annihilator (Depths:4)
  A draconian stormcaller (Zot:4)
  An ironbound preserver (Vaults:1)
  A formless jellyfish (Vaults:2)
  A draconian scorcher (Zot:4)
  2 very ugly things
  A stone giant (Vaults:1)
  A vampire knight (Depths:3)
  4 green draconians
  4 deep elf death magi (Elf:3)
  5 black draconians
  2 deep elf demonologists
  A dire elephant (Vaults:3)
  2 spark wasps
  A war gargoyle (Vaults:5)
  4 purple draconians
  A lorocyproca (D:14)
  4 white draconians
  2 deep elf annihilators
  3 red draconians
  3 ettins
  A deep elf high priest (Vaults:5)
  3 fire dragons
  A green death (Depths:4)
  4 merfolk impalers
  A rakshasa (Depths:3)
  2 yaktaur captains (Vaults:5)
  4 great orbs of eyes
  A peacekeeper (Vaults:3)
  An ogre mage (Orc:2)
  2 vault guards
  A salamander tyrant (Snake:4)
  2 alligator snapping turtles (Shoals:4)
  2 ice dragons
  A hydra (Zot:5)
  A boulder beetle (Depths:3)
  A centaur warrior (Vaults:2)
  3 anacondas
  6 two-headed ogres
  A spriggan air mage (Depths:3)
  9 dancing weapons (Elf:2)
  An ironbound frostheart (Vaults:1)
  2 satyrs (Shoals:4)
  2 merfolk aquamancers (Shoals:4)
  A two-headed ogre (shapeshifter) (Depths:4)
  A deep troll shaman (Depths:2)
  A tengu warrior (D:14)
  2 deep troll earth magi
  An occultist (Depths:3)
  3 naga warriors
  A spriggan berserker (Depths:4)
  8 deep elf knights
  3 naga sharpshooters (Snake:3)
  Sonja (Lair:1)
  A skyshark (shapeshifter) (Vaults:5)
  3 iron trolls
  2 skysharks (Shoals:3)
  A sun demon (Zot:4)
  A death drake (Depths:4)
  3 salamander mystics
  A skeletal warrior (D:15)
  A deep troll (shapeshifter) (Vaults:5)
  6 sea snakes
  2 deep trolls
  2 naga ritualists
  2 mana vipers
  An arcanist (Vaults:4)
  2 deep elf archers (Elf:2)
  A phantasmal warrior (Depths:2)
  3 ironbound convokers
  5 harpies
  5 deep elf pyromancers
  8 deep elf zephyrmancers
  6 manticores
  3 fauns
  An orc sorcerer (Orc:1)
  3 ugly things
  A wolf spider (Lair:3)
  7 moths of wrath
  14 salamanders
  10 black mambas
  A toenail golem (D:3)
  6 merfolk sirens
  6 naga magi
  4 vault sentinels
  2 water nymphs (Shoals:2)
  A guardian serpent (Snake:1)
  3 cane toads
  An unseen horror (D:11)
  An efreet (D:14)
  6 yaktaurs
  A red devil (Zot:4)
  7 merfolk
  2 trolls
  2 wind drakes
  7 blink frogs
  A snapping turtle (Shoals:4)
  2 dream sheep
  7 slime creatures
  A spriggan (Depths:4)
  A wraith (Orc:1)
  14 yaks
  3 water elementals
  2 fire elementals
  2 fire bats (Volcano)
  A vampire mosquito (D:10)
  A chaos spawn (Depths:1)
  10 nagas
  A water moccasin (Lair:4)
  A hexer (Snake:4)
  A boggart (Vaults:3)
  A black bear (D:10)
  A laughing skull (D:14)
  5 ogres
  3 wolves (Lair:3)
  A centaur (D:10)
  7 bullfrogs
  A gnoll sergeant (D:9)
  2 killer bees (D:10)
  3 electric eels (Lair:5)
  A howler monkey (D:9)
  A lava snake (Volcano)
  An orc priest (Orc:1)
  2 orc wizards
  6 gnolls
  An ufetubus (D:7)
  9 orcs
  An aspiring flesh (Zot:2)
442 creatures vanquished.

Vanquished Creatures (others)
  A fire giant (Vaults:5)
  2 shock serpents
  A deep elf knight (Elf:2)
  A deep elf pyromancer (D:11)
  An orc sorcerer (Orc:1)
  A merfolk (Shoals:4)
  A naga (Snake:4)
  A wolf (Lair:3)
  A lava snake (Volcano)
  67 hexers
  An ancestor (D:8)
  71 spectral weapons
  2 starspawn tentacles (Lair:5)
  6 tentacles (Shoals:4)
157 creatures vanquished.

Grand Total: 2213 creatures vanquished

Notes
Turn   | Place    | Note
-------+----------+-------------------------------------------
     0 | D:1      | Ge0ff the Minotaur Alchemist began the quest for the Orb.
     0 | D:1      | Reached XP level 1. HP: 14/14 MP: 1/1
   169 | D:1      | Reached skill level 1 in Conjurations
   318 | D:1      | Reached XP level 2. HP: 20/20 MP: 0/3
   872 | D:1      | Reached XP level 3. HP: 27/27 MP: 1/4
   967 | D:2      | Reached skill level 1 in Fighting
   986 | D:2      | Reached skill level 1 in Maces & Flails
  1814 | D:2      | Found a faded altar of an unknown god.
  1898 | D:2      | Reached XP level 4. HP: 35/35 MP: 3/6
  3191 | D:3      | Reached XP level 5. HP: 31/40 MP: 3/7
  3641 | D:4      | Identified a scroll of acquirement
  3817 | D:4      | Found a hide-covered altar of Uskayaw.
  3904 | D:4      | Reached skill level 1 in Armour
  4254 | D:4      | Got the Papyrus of Nigredo and Carcasses
  4273 | D:4      | Noticed an ogre
  4287 | D:4      | Killed an ogre
  4288 | D:4      | Reached skill level 5 in Maces & Flails
  4288 | D:4      | Reached XP level 6. HP: 35/50 MP: 8/8
  4866 | D:4      | Found a hide-covered altar of Uskayaw.
  5504 | D:5      | Entered Level 5 of the Dungeon
  5675 | D:5      | Reached XP level 7. HP: 57/57 MP: 9/9
  6582 | D:6      | Found a staircase to the Ecumenical Temple.
  6596 | Temple   | Entered the Ecumenical Temple
  6605 | Temple   | Became a worshipper of Hepliaklqana the Forgotten
  6695 | D:6      | Reached skill level 1 in Shapeshifting
  6712 | D:6      | Reached skill level 1 in Evocations
  6712 | D:6      | Reached XP level 8. HP: 63/63 MP: 10/10
  6724 | D:6      | Found a sand-covered staircase.
  6745 | Ossuary  | Entered an ossuary
  6786 | Ossuary  | Reached skill level 10 in Maces & Flails
  7032 | D:6      | Found a glowing drain.
  7056 | Sewer    | Entered a sewer
  7217 | Sewer    | Found a white marble altar of Elyvilon.
  7262 | D:6      | Acquired the +8 dire flail of Friendship {venom, rElec}
  8047 | D:7      | Reached * piety under Hepliaklqana
  8106 | D:7      | Noticed Prince Ribbit
  8112 | D:7      | Killed Prince Ribbit
  8113 | D:7      | Reached XP level 9. HP: 59/65 MP: 11/11
  8181 | D:7      | Reached skill level 5 in Fighting
  8434 | D:7      | Found Givoopay's Tiny Tomes.
  8938 | D:8      | Found an ancient bone altar of Kikubaaqudgha.
  8939 | D:8      | Reached ** piety under Hepliaklqana
  8943 | D:8      | Found a bloodstained altar of Trog.
  8944 | D:8      | Remembered your ancestor Cowcestor as a hexer
  8947 | D:8      | Found a shimmering altar of Xom.
  8954 | D:8      | Found a snail-covered altar of Cheibriados.
  9900 | D:9      | Reached XP level 10. HP: 74/74 MP: 12/12
 10250 | D:9      | Found a blossoming altar of Fedhas.
 10615 | D:10     | Entered Level 10 of the Dungeon
 10664 | D:10     | Found a staircase to the Orcish Mines.
 10670 | D:10     | Reached skill level 5 in Armour
 10670 | D:10     | Found a staircase to the Lair.
 10676 | D:10     | Noticed an elephant
 10681 | D:10     | Killed an elephant
 10682 | D:10     | Reached skill level 1 in Throwing
 10726 | D:10     | Found a stormy altar of Qazlal.
 10793 | D:10     | Noticed a two-headed ogre
 10798 | D:10     | Killed a two-headed ogre
 10951 | D:10     | Found a glowing golden altar of the Shining One.
 10991 | D:10     | Reached *** piety under Hepliaklqana
 11559 | D:11     | Reached XP level 11. HP: 81/84 MP: 13/13
 11616 | D:11     | Found Qanlor's General Store.
 11706 | D:11     | Noticed Fannar
 11711 | D:11     | Noticed a deep elf pyromancer
 11716 | D:11     | Noticed a deep elf pyromancer
 11719 | D:11     | Killed a deep elf pyromancer
 11721 | D:11     | Killed Fannar
 11722 | D:11     | Reached skill level 5 in Evocations
 11723 | D:11     | Noticed a deep elf pyromancer
 11726 | D:11     | Killed a deep elf pyromancer
 11729 | D:11     | Noticed a deep elf pyromancer
 11730 | D:11     | Noticed a deep elf zephyrmancer
 11732 | D:11     | Killed a deep elf pyromancer
 11734 | D:11     | Killed a deep elf zephyrmancer
 11736 | D:11     | Killed a deep elf pyromancer
 11737 | D:11     | Reached skill level 5 in Throwing
 11739 | D:11     | Noticed a deep elf zephyrmancer
 11741 | D:11     | Killed a deep elf zephyrmancer
 11753 | D:11     | Noticed a deep elf zephyrmancer
 11758 | D:11     | Killed a deep elf zephyrmancer
 11772 | D:11     | Noticed a deep elf pyromancer
 11774 | D:11     | Noticed a deep elf pyromancer
 11781 | D:11     | Killed a deep elf pyromancer
 11799 | D:11     | Killed a deep elf pyromancer
 11998 | D:11     | Noticed an orange crystal statue
 12196 | Lair:1   | Entered Level 1 of the Lair of Beasts
 12242 | Lair:1   | Reached skill level 10 in Fighting
 12242 | Lair:1   | Reached skill level 1 in Invocations
 12295 | Lair:1   | Noticed Joseph
 12301 | Lair:1   | Killed Joseph
 12538 | Lair:1   | Noticed Sonja
 12554 | Lair:1   | Killed Sonja
 12571 | Lair:1   | Reached **** piety under Hepliaklqana
 12748 | Lair:1   | Reached XP level 12. HP: 96/96 MP: 14/14
 13331 | Lair:2   | Reached skill level 10 in Armour
 14161 | Lair:3   | Reached skill level 5 in Invocations
 14230 | Lair:3   | Found a dark tunnel.
 14248 | Volcano  | Entered a volcano
 14413 | Volcano  | Found a burning altar of Makhleb.
 14686 | Lair:3   | Reached skill level 15 in Maces & Flails
 14695 | Lair:3   | Acquired 670 gold pieces
 14893 | Lair:3   | Reached XP level 13. HP: 89/109 MP: 16/16
 14996 | Lair:3   | Found a staircase to the Snake Pit.
 15198 | Lair:3   | Found a staircase to the Shoals.
 15825 | Lair:4   | Reached ***** piety under Hepliaklqana
 15834 | Lair:4   | Found a staircase to the Slime Pits.
 16399 | Lair:5   | Entered Level 5 of the Lair of Beasts
 16621 | Lair:5   | Reached skill level 15 in Fighting
 17158 | Lair:5   | Reached skill level 5 in Dodging
 17251 | Lair:5   | Reached XP level 14. HP: 42/121 MP: 13/18
 18019 | Lair:5   | Found the crystal ball of Wucad Mu {*channel}
 18164 | Lair:5   | Found a runed translucent door.
 18167 | Lair:5   | Noticed a tentacled starspawn
 18283 | Lair:5   | Killed a tentacled starspawn
 18398 | Orc:1    | Entered Level 1 of the Orcish Mines
 18524 | Orc:1    | Found Tyrchaaw's Antique Armour Shoppe.
 18696 | Orc:1    | Noticed Josephine
 18700 | Orc:1    | Noticed Maurice
 18746 | Orc:2    | Entered Level 2 of the Orcish Mines
 18792 | Orc:2    | Killed Josephine
 18939 | Orc:1    | Killed Maurice
 19088 | Orc:1    | Found a shimmering blue altar of Sif Muna.
 19108 | Orc:1    | Got Sif Muna's Atlas of Bad Luck
 19247 | Orc:2    | Found Letteih's Weapon Boutique.
 19433 | Orc:2    | Found a staircase to the Elven Halls.
 19656 | Orc:2    | Paralysed by something for 5 turns
 19908 | Orc:2    | Found Gasso's Book Boutique.
 19908 | Orc:2    | Found Juonuam's Distillery.
 19909 | Orc:2    | Found Kehopley's Jewellery Shoppe.
 19909 | Orc:2    | Found Usimesk's Armour Boutique.
 19919 | Orc:2    | Bought a potion of lignification for 39 gold pieces
 19919 | Orc:2    | Bought a potion of invisibility for 104 gold pieces
 19932 | Orc:2    | Bought a ring of poison resistance for 340 gold pieces
 20607 | D:12     | Learned a level 1 spell: Apportation
 20611 | D:12     | Learned a level 3 spell: Passwall
 20616 | D:12     | Learned a level 4 spell: Manifold Assault
 20761 | D:12     | Reached XP level 15. HP: 126/131 MP: 21/21
 21111 | D:12     | Reached skill level 10 in Invocations
 21132 | D:12     | Identified the ring "Koed" {MP+9 Int+3 Dex+3}
 22494 | D:14     | Found a gate to the Vaults.
 22627 | D:14     | You fall into a shaft and drop 1 floor!
 22627 | D:15     | Entered Level 15 of the Dungeon
 22818 | D:14     | Found a portal to a secret trove of treasure.
 24647 | D:15     | Reached skill level 15 in Armour
 24692 | D:15     | Found a staircase to the Depths.
 24692 | D:15     | Noticed a frost giant
 24702 | D:15     | Killed a frost giant
 25391 | Snake:1  | Entered Level 1 of the Snake Pit
 26496 | Snake:1  | Reached XP level 16. HP: 83/144 MP: 22/22
 26797 | Snake:1  | Noticed Azrael
 26805 | Snake:1  | Killed Azrael
 27626 | Snake:2  | Reached skill level 1 in Earth Magic
 27790 | Snake:2  | Reached skill level 1 in Translocations
 29062 | Orc:2    | Bought a +2 pair of boots of rampaging for 279 gold pieces
 29627 | Snake:3  | Found Syplyda's Distillery.
 29627 | Snake:3  | Found Hiddineg's Armour Shop.
 29636 | Snake:3  | Bought a potion of haste for 170 gold pieces
 30073 | Snake:3  | HP: 5/145 [salamander tyrant/flame surge (39)]
 31903 | Snake:3  | Found Syplyda's Distillery.
 31907 | Snake:3  | Found Hiddineg's Armour Shop.
 32641 | Snake:4  | Entered Level 4 of the Snake Pit
 32743 | Snake:4  | Reached XP level 17. HP: 153/153 MP: 24/24
 32770 | Snake:4  | Noticed Asterion
 32805 | Snake:4  | Noticed Vashnia
 32823 | Snake:3  | Killed Asterion
 34023 | Snake:4  | Killed Vashnia
 34263 | Snake:4  | Found a broken altar of Ashenzari.
 34347 | Snake:4  | Found a blossoming altar of Fedhas.
 34451 | Snake:4  | Noticed Mara
 34468 | Snake:4  | Killed Mara
 34741 | Snake:4  | Reached skill level 1 in Axes
 35544 | Snake:4  | Reached skill level 5 in Axes
 35875 | Snake:4  | Reached skill level 1 in Shields
 36527 | Snake:4  | Reached skill level 5 in Shields
 36794 | Snake:4  | Got a serpentine rune of Zot
 37116 | Shoals:1 | Entered Level 1 of the Shoals
 37426 | Shoals:1 | Found Xalig's Magic Scroll Shop.
 37450 | Shoals:1 | Bought a scroll of fear for 64 gold pieces
 37450 | Shoals:1 | Bought a scroll of summoning for 152 gold pieces
 37450 | Shoals:1 | Bought a scroll of teleportation for 48 gold pieces
 37479 | Shoals:1 | Found Gesefac's Assorted Antiques.
 37482 | Shoals:1 | Bought a box of beasts for 1600 gold pieces
 37482 | Shoals:1 | Bought a scroll of fear for 160 gold pieces
 37587 | Shoals:1 | Reached XP level 18. HP: 160/160 MP: 25/25
 38521 | Shoals:2 | Reached skill level 10 in Axes
 38781 | Shoals:2 | Found a runed translucent gate.
 38781 | Shoals:2 | Found a runed translucent gate.
 38781 | Shoals:2 | Found a runed translucent gate.
 38783 | Shoals:2 | Found an opulent altar of Gozag.
 38784 | Shoals:2 | Noticed Nainas's ghost (adept CoHu)
 38852 | Shoals:2 | Found Fosuitan's Armour Boutique.
 39657 | Shoals:2 | Killed Nainas's ghost
 39734 | Shoals:2 | Identified the +10 rapier of Qazlal's Inspiration {heavy,
                  | *Slow rF+ rC+++ Will++}
 39974 | Shoals:3 | Reached skill level 10 in Shields
 40121 | Shoals:3 | Found a shadowy altar of Dithmenos.
 41287 | Shoals:4 | Entered Level 4 of the Shoals
 42023 | Shoals:4 | Got the Incunable of Concussion and Cryomancy
 42301 | Shoals:4 | Got a barnacled rune of Zot
 42395 | Shoals:4 | Reached skill level 15 in Axes
 42400 | Shoals:4 | Reached XP level 19. HP: 61/166 MP: 13/26
 42808 | Shoals:4 | Reached skill level 1 in Polearms
 42945 | Shoals:4 | Got the Disquisition on the Harmful Coals
 43104 | Shoals:4 | Reached skill level 5 in Polearms
 43829 | Orc:2    | Bought a +1 hat for 143 gold pieces
 43860 | Elf:1    | Entered Level 1 of the Elven Halls
 44755 | Elf:1    | Noticed a Brimstone Fiend
 45174 | Elf:2    | Found Afejung's Distillery.
 45568 | Elf:2    | Reached skill level 10 in Polearms
 45615 | Elf:2    | Bought a potion of berserk rage for 105 gold pieces
 45615 | Elf:2    | Bought a potion of heal wounds for 105 gold pieces
 45737 | Elf:2    | Found Jyaxudeck's Magic Scroll Emporium.
 45761 | Elf:2    | Bought a scroll of summoning for 152 gold pieces
 45777 | Elf:2    | Found Coen's Antique Armour Shoppe.
 45823 | Elf:2    | Found a runed translucent gate.
 45823 | Elf:2    | Found a runed translucent gate.
 45825 | Elf:2    | Found a runed translucent gate.
 45860 | Elf:2    | Found Fiecat's General Store.
 45902 | Elf:2    | Paralysed by an air elemental for 1 turns
 45905 | Elf:2    | Paralysed by an air elemental for 1 turns
 45908 | Elf:2    | Paralysed by an air elemental for 1 turns
 45913 | Elf:2    | Paralysed by an air elemental for 1 turns
 46073 | Elf:2    | Paralysed by an air elemental for 1 turns
 46230 | Elf:2    | Found Epooc's Magic Scroll Boutique.
 46234 | Elf:2    | Bought a scroll of enchant weapon for 90 gold pieces
 46234 | Elf:2    | Bought a scroll of fear for 48 gold pieces
 46284 | Elf:2    | Bought a scroll of fear for 48 gold pieces
 47412 | Elf:3    | Entered Level 3 of the Elven Halls
 47456 | Elf:3    | Acquired 1116 gold pieces
 47746 | Elf:3    | Identified the serpent talisman of the Six Stories {rN+}
 47746 | Elf:3    | Noticed Aizul
 47758 | Elf:3    | Killed Aizul
 48105 | Elf:3    | Noticed a Brimstone Fiend
 48416 | Elf:3    | Identified the +10 long sword of the Lame Duck {heavy,
                  | rElec Str+4}
 48508 | Elf:3    | Reached skill level 10 in Dodging
 48508 | Elf:3    | Reached XP level 20. HP: 130/173 MP: 25/27
 48571 | Elf:3    | Identified the +2 robe of the Accordion {rPois Str-4 Int+4
                  | Archmagi}
 48706 | Elf:3    | Identified the +7 war axe of Feileh {spect, rF+ Dex+4}
 48706 | Elf:3    | Identified the +3 troll leather armour "Dontua" {^Drain
                  | +Blink Regen+ Int+7 Stlth-}
 49112 | Elf:3    | Identified the +7 whip of Dim Light {spect, Int+3}
 49717 | Vaults:1 | Entered Level 1 of the Vaults
 49830 | Vaults:1 | Paralysed by a formless jellyfish for 1 turns
 50777 | Vaults:1 | Found Irilaoso's Weapon Boutique.
 50944 | Vaults:1 | Found Viatan's General Store.
 51700 | Vaults:2 | Reached skill level 10 in Throwing
 51800 | Vaults:2 | Found Qoxt's Book Boutique.
 52378 | Vaults:2 | Reached skill level 10 in Evocations
 52632 | Vaults:2 | Found a staircase to the Crypt.
 52882 | Vaults:2 | Paralysed by a formless jellyfish for 1 turns
 53157 | Vaults:2 | Reached XP level 21. HP: 161/180 MP: 29/29
 53840 | Vaults:3 | Identified the +4 robe of Duanuug {Regen+}
 53840 | Vaults:3 | Noticed Boris
 53852 | Vaults:3 | Killed Boris
 54026 | Vaults:3 | Identified the dragon-blood talisman "Jamoxa" {*Corrode
                  | Dex+5}
 54451 | Vaults:3 | Found Seiffier's Magic Scroll Emporium.
 54457 | Vaults:3 | Bought a scroll of blinking for 142 gold pieces
 54457 | Vaults:3 | Bought a scroll of blinking for 142 gold pieces
 54457 | Vaults:3 | Bought a scroll of teleportation for 57 gold pieces
 54948 | Vaults:4 | Noticed Sojobo
 54952 | Vaults:4 | Found Jacwid's General Store.
 54955 | Vaults:4 | Bought a wand of roots (5) for 132 gold pieces
 54955 | Vaults:4 | Bought a wand of charming (6) for 158 gold pieces
 55221 | Vaults:4 | Killed Sojobo
 55327 | Vaults:4 | Paralysed by a formless jellyfish for 1 turns
 55825 | Vaults:4 | Found a runed translucent door.
 55825 | Vaults:4 | Noticed Ceyran's ghost (adept MiFi)
 55947 | Vaults:4 | Identified the +0 hand axe of Grandeur {flame, rPois Will+
                  | Dex+3}
 56267 | Vaults:4 | Killed Ceyran's ghost
 56273 | Vaults:4 | Identified the ring of Mofer {rF+++ Str+6 Int+5 Stlth-}
 56438 | D:14     | You paid a toll of 7 scrolls of fear to enter a treasure
                  | trove
 56439 | Trove    | Entered a treasure trove
 56489 | Trove    | Identified the +7 war axe of the Swamp {protect, rPois rF+
                  | rN+}
 56491 | Trove    | Identified the +7 executioner's axe "Gummu" {freeze, Str+5}
 56562 | Depths:1 | Entered Level 1 of the Depths
 56848 | Depths:1 | Identified the +3 falchion of Xeaq {elec, Will+}
 56861 | Depths:1 | Found a gateway to Hell.
 57055 | Depths:1 | Found a radiant altar of Vehumet.
 57445 | Depths:2 | Found a one-way gate to the infinite horrors of the Abyss.
 57454 | Depths:2 | Found a one-way gate leading to the halls of Pandemonium.
 57467 | Depths:2 | Found a one-way gateway to a ziggurat.
 57916 | Depths:2 | Reached XP level 22. HP: 151/188 MP: 25/31
 58570 | Depths:2 | Found Wasof's Jewellery Boutique.
 58570 | Depths:2 | Found Poptegh's Book Emporium.
 58571 | Depths:2 | Found Dips's Jewellery Boutique.
 58577 | Depths:2 | Bought the amulet "Pottinni" {Spirit Rampage rPois rN++
                  | Str-4} for 649 gold pieces
 58892 | Elf:2    | Bought a jewelled chain mail for 313 gold pieces
 58892 | Elf:2    | Identified the +0 chain mail "Jideme" {Str+5 Dex-2} (You
                  | bought it in a shop on level 2 of the Elven Halls)
 59575 | Depths:3 | Noticed Vv
 60037 | Depths:3 | Killed Vv
 60710 | Depths:3 | Noticed a golden dragon
 60720 | Depths:3 | Killed a golden dragon
 60834 | Depths:3 | Reached skill level 15 in Shields
 61095 | Depths:3 | Noticed a juggernaut
 61104 | Depths:3 | Killed a juggernaut
 61111 | Depths:3 | Got the Book of the Tundra and Battling
 61839 | Depths:3 | Identified the +2 chain mail of Elyvilon's Benevolence
                  | {rElec}
 62218 | Depths:4 | Entered Level 4 of the Depths
 62908 | Depths:4 | Identified the +1 falchion of Fimbulwinter {freeze, rElec
                  | Int+3 Dex-5}
 62954 | Depths:4 | Reached XP level 23. HP: 152/193 MP: 22/32
 63356 | Depths:4 | Reached skill level 15 in Invocations
 63886 | Depths:4 | Found a gate to the Realm of Zot.
 64271 | Depths:4 | Found a runed translucent door.
 64274 | Depths:4 | Noticed a caustic shrike
 64445 | Depths:4 | Killed a caustic shrike
 64862 | Vaults:5 | Entered Level 5 of the Vaults
 64885 | Vaults:5 | Noticed an ancient lich
 64904 | Vaults:5 | Killed an ancient lich
 65215 | Vaults:5 | Reached skill level 15 in Dodging
 65232 | Vaults:5 | Identified the orb "Tanyeror" {light, Dex+6}
 65232 | Vaults:5 | Noticed Frederick
 65236 | Vaults:5 | Reached skill level 15 in Throwing
 65237 | Vaults:5 | Killed Frederick
 65241 | Vaults:5 | Noticed an ancient lich
 65255 | Vaults:5 | Killed an ancient lich
 65299 | Vaults:5 | Reached XP level 24. HP: 122/201 MP: 20/34
 65542 | Vaults:5 | Identified the +7 whip of Demonic Guile {pain, *Slow rF++
                  | Str+6}
 65576 | Vaults:5 | Noticed an ancient lich
 65581 | Vaults:5 | Killed an ancient lich
 65875 | Vaults:5 | Noticed a dread lich
 65884 | Vaults:5 | Killed a dread lich
 65921 | Vaults:5 | Identified the ring "Nemiygad" {rPois rF+ Will+ rCorr}
 66030 | Vaults:5 | Got a silver rune of Zot
 66044 | Vaults:5 | Got Buanwe's Precepts of Injury
 66048 | Vaults:5 | Identified the +6 falchion of Execution {protect, *Slow
                  | ^Fragile rF+ rC+++}
 66145 | Vaults:5 | Acquired the +1 pair of boots of Marchosmu {Regen+ Str+4
                  | Slay+3}
 66422 | Vaults:5 | Found the +3 pair of mountain boots {steadfast, rC+}
 66449 | Vaults:5 | Identified the +6 flail of the Volcano {holy, Int+5}
 66483 | Vaults:5 | Found the +5 moon troll leather armour {Spirit, Regen++
                  | MP+5}
 66486 | Vaults:5 | Identified the +12 orcbow "Ver Sis" {drain, *Slow Str+6}
 66489 | Vaults:5 | Identified the +6 long sword of the Magi {venom, rC- Str+5}
 67144 | D:11     | Bought a wand of charming (4) for 115 gold pieces
 67144 | D:11     | Bought an amulet of faith for 480 gold pieces
 67144 | D:11     | Bought a scroll of teleportation for 36 gold pieces
 67272 | Shoals:2 | Bought a scroll of poison for 136 gold pieces
 67272 | Shoals:2 | Bought a wand of charming (4) for 326 gold pieces
 67323 | Shoals:1 | Bought a scroll of immolation for 64 gold pieces
 67323 | Shoals:1 | Bought a scroll of immolation for 64 gold pieces
 67345 | Shoals:1 | Bought a scroll of teleportation for 120 gold pieces
 67489 | Snake:3  | Bought a potion of curing for 51 gold pieces
 67489 | Snake:3  | Bought a potion of haste for 170 gold pieces
 67489 | Snake:3  | Bought a potion of ambrosia for 136 gold pieces
 67489 | Snake:3  | Bought a potion of ambrosia for 136 gold pieces
 67489 | Snake:3  | Bought a potion of curing for 51 gold pieces
 67735 | Elf:2    | Bought a potion of cancellation for 168 gold pieces
 67735 | Elf:2    | Bought a potion of enlightenment for 105 gold pieces
 67735 | Elf:2    | Bought a potion of haste for 210 gold pieces
 67782 | Elf:2    | Bought a scroll of poison for 48 gold pieces
 67782 | Elf:2    | Bought a scroll of teleportation for 36 gold pieces
 67782 | Elf:2    | Bought a scroll of vulnerability for 48 gold pieces
 67830 | Elf:2    | Bought a potion of magic for 96 gold pieces
 67830 | Elf:2    | Bought a wand of roots (5) for 144 gold pieces
 67830 | Elf:2    | Bought a scroll of teleportation for 36 gold pieces
 67830 | Elf:2    | Bought 3 silver javelins for 324 gold pieces
 67830 | Elf:2    | Bought a wand of charming (5) for 144 gold pieces
 67864 | Elf:2    | Bought a scroll of blinking for 120 gold pieces
 67864 | Elf:2    | Bought a scroll of summoning for 152 gold pieces
 67864 | Elf:2    | Bought a scroll of blinking for 120 gold pieces
 67864 | Elf:2    | Bought a scroll of teleportation for 48 gold pieces
 67864 | Elf:2    | Bought a scroll of poison for 64 gold pieces
 67951 | Orc:2    | Bought 2 potions of curing for 78 gold pieces
 68281 | Zot:1    | Entered Level 1 of the Realm of Zot
 68463 | Zot:2    | Noticed Parghit
 68550 | Zot:2    | Killed Parghit
 68919 | Zot:2    | Noticed Grunn
 68947 | Zot:2    | Killed Grunn
 69111 | Zot:2    | Got the Volume of Grey Maleficia
 69979 | Zot:4    | Identified the +10 shadow dragon scales of Neotsoqed {rF+
                  | rC+ Str-5 Int+9 Stlth++++}
 69983 | Zot:4    | Got Ifibb's Disquisition on Conduction and Sinister
                  | Liturgies
 70384 | Zot:4    | Reached XP level 25. HP: 198/207 MP: 8/36
 70386 | Zot:4    | Noticed a Killer Klown
 70413 | Zot:4    | Killed a Killer Klown
 70822 | Zot:4    | Reached skill level 5 in Earth Magic
 71202 | Zot:4    | Reached skill level 5 in Spellcasting
 71442 | Zot:5    | Entered Level 5 of the Realm of Zot
 71691 | Zot:5    | Reached skill level 5 in Translocations
 71843 | Zot:5    | Noticed a Killer Klown
 71843 | Zot:5    | Noticed a Killer Klown
 71843 | Zot:5    | Noticed a Killer Klown
 71843 | Zot:5    | Noticed a Killer Klown
 71844 | Zot:5    | Noticed a Killer Klown
 71855 | Zot:5    | Killed a Killer Klown
 71930 | Zot:5    | Killed a Killer Klown
 71941 | Zot:5    | Killed a Killer Klown
 71942 | Zot:5    | Killed a Killer Klown
 71943 | Zot:5    | Reached skill level 5 in Stealth
 71946 | Zot:5    | Killed a Killer Klown
 72439 | Zot:5    | Noticed an orb of fire
 72440 | Zot:5    | Noticed a Killer Klown
 72441 | Zot:5    | Noticed an orb of fire
 72446 | Zot:5    | Killed an orb of fire
 72454 | Zot:5    | Killed an orb of fire
 72462 | Zot:5    | Killed a Killer Klown
 72466 | Zot:5    | Noticed an ancient lich
 72474 | Zot:5    | Killed an ancient lich
 72543 | Zot:5    | Noticed a Killer Klown
 72555 | Zot:5    | Killed a Killer Klown
 72803 | Zot:5    | Noticed an orb of fire
 72807 | Zot:5    | Noticed an orb of fire
 72809 | Zot:5    | Noticed a Killer Klown
 72810 | Zot:5    | Killed an orb of fire
 72814 | Zot:5    | Noticed an orb of fire
 72817 | Zot:5    | Killed an orb of fire
 72822 | Zot:5    | Killed an orb of fire
 72827 | Zot:5    | Killed a Killer Klown
 72839 | Zot:5    | Noticed a Killer Klown
 72862 | Zot:5    | Killed a Killer Klown
 73088 | Zot:5    | Noticed an ancient lich
 73099 | Zot:5    | Killed an ancient lich
 73119 | Zot:5    | Reached XP level 26. HP: 202/215 MP: 34/36
 73351 | Zot:5    | Noticed an ancient lich
 73363 | Zot:5    | Killed an ancient lich
 73816 | Zot:5    | Got the Orb of Zot
 74182 | Depths:4 | Noticed Seon Lay the pandemonium lord
 74566 | D:$      | Escaped with the Orb!

Illustrated notes

Levels and vault maps discovered:
D:1:      dpeg_arrival_leaves_temple_mockup, layout_rooms, hex_medium
D:2:      layout_loops_cross, nicolae_ecumenical_oubliette,
          minmay_randomly_rotated_circles
D:3:      layout_loops_ring
D:4:      layout_cave_pods, eat_drink_and_be_merry_uskayaw, grunt_tough_drop
D:5:      layout_basic, st_stairs_6
D:6:      layout_basic, minmay_temple_entry_statues, portal_sewer_entry_b,
          enter_ossuary_3, nicolae_eternal_life, serial_park_tiny_1
D:7:      layout_basic, nicolae_shop_i_like_small_books_too,
          kennysheep_decorative_pillar, kennysheep_big_empty_room,
          uniq_prince_ribbit1
D:8:      layout_loops_ring, nicolae_overflow_macrodata_refinement
D:9:      layout_loops_ring, mainiacjoe_overflow_24_doors, kennysheep_potato
D:10:     layout_cave_pools, general_overflow_altar,
          mainiacjoe_overflow_boulevard, david_lair_generic, orc_0_dummy,
          serial_library_hellmonk_double_dead_end
D:11:     minmay_statue_hallways, layout_basic, serial_shops,
          kennysheep_little_box, elves_outpost_lemuel, uniq_fannar
D:12:     layout_roguey
D:13:     layout_basic
D:14:     layout_small_grid, skrybe_vaults_entry_preservation, enter_trove_5
D:15:     grunt_enter_depths_snipers, layout_irregular_city
Temple:   eino_temple_lava
Lair:1:   layout_misc_corridors, grunt_megastairs_4, uniq_joseph, uniq_sonja
Lair:2:   layout_concentric_octagons, hangedman_lair_unloving_vines
Lair:3:   layout_small_grid, minmay_shoals_entry_hut,
          minmay_snake_entry_guardpost_large, nicolae_volcano_entry_hallway,
          nicolae_lair_run_with_the_wolves, infiniplex_staircase_pool
Lair:4:   layout_regular_city, slime_entry_1, grunt_megastairs_1
Lair:5:   minmay_lair_end_frog_pond, layout_loops_ring,
          pdpol_lair_cabin_in_the_woods, serial_bayou_shore_a
Shoals:1: layout_shoals, serial_shops, nicolae_shop_behind_doors,
          nicolae_shop_tiny_glass
Shoals:2: layout_shoals, serial_shops, shop, ebering_ghost_gozag, st_shoals_ruin
Shoals:3: layout_shoals, lemuel_centaur_altar
Shoals:4: shoals_end_grunt_ice, layout_shoals
Snake:1:  layout_misc_corridors, uniq_azrael
Snake:2:  layout_misc_corridors
Snake:3:  layout_chambers, grunt_megastairs_2, minmay_shoptagon
Snake:4:  snake_pit_salamanders_mu, layout_rooms, hangedman_feature_mirror,
          nicolae_snake_coiling_death, uniq_mara, uniq_asterion, uniq_vashnia
Orc:1:    layout_caves, serial_shops, nicolae_shop_peninsula, led_sif_book,
          uniq_josephine, uniq_maurice
Orc:2:    st_orc_ogre_mass, layout_diamond_mine, serial_shops, shop
Elf:1:    eino_elf_arrival_sip, layout_gridlike, minmay_elf_crystal_heptagon,
          nicolae_elf_w_pinch, minivault_15
Elf:2:    elven_hall_of_blades_hangedman_original
          [nicolae_blade_entry_diamond_columns], layout_geoelf_octagon,
          serial_shops, shop, shop, nicolae_shop_rolled_up,
          nicolae_shop_crystal, nicolae_shop_peninsula
Elf:3:    elf_hall, layout_loops_ring, uniq_aizul
Vaults:1: hangedman_vaults_stitches, nicolae_vaults_closet_pinwheel_2,
          hangedman_vaults_capsules, nicolae_vaults_know_your_exits,
          nicolae_vaults_taking_the_gang_shopping, v_misc_15, v_alt_pattern_4,
          v_misc_9, nicolae_vaults_network_star, nicolae_vaults_tetromino_Z_2,
          nicolae_vaults_apartment_1, layout_vaults_big_room, serial_shops,
          nicolae_shop_peninsula
Vaults:2: st_cells, minmay_crypt_entry_simple_statues,
          nicolae_vaults_trapezoid_2, nicolae_vaults_closet_pinwheel_6,
          nicolae_vaults_bisected_exclaves, v_alt_pattern_3, v_misc_1,
          nicolae_vaults_little_squares_4, nicolae_vaults_house_3, v_misc_11,
          v_pattern_2, layout_vaults_omnibox, serial_shops,
          nicolae_shop_gibbet_a_chance
Vaults:3: ontoclasm_vaults_ring_small, nicolae_vaults_house_1, v_misc_28,
          nicolae_vaults_storage_room_water, v_pattern_4,
          vaults_dpeg_emergency_exit, nicolae_vaults_network_square,
          nicolae_vaults_rhombus_7, vaults_room_hallway, nicolae_vaults_prndl,
          hangedman_vaults_impose, nicolae_vaults_octothorpe,
          nicolae_vaults_wrenched, layout_vaults_maze, serial_shops, shop,
          uniq_boris
Vaults:4: ebering_ghost_inner_flame, v_alt_pattern_3, ontoclasm_vaults_twist,
          ontoclasm_vaults_tryst, vaults_mumra_chevron,
          nicolae_vaults_layer_cake_slice, nicolae_vaults_specimen_jars,
          nicolae_vaults_two_Ls, v_misc_14, nicolae_vaults_closet_pinwheel_2,
          ontoclasm_vaults_chip, layout_vaults_big_cross, serial_shops,
          nicolae_shop_tiny_waterfront, uniq_sojobo
Vaults:5: uniq_frederick
Depths:1: layout_cave_pools, hell_entry, nicolae_vehumet_altar_sigil
Depths:2: nicolae_cairo_tiling, layout_gridville, enter_ziggurat_e, abyss_entry,
          hangedman_abyss_or_decor_lesser_grid, pan_entry, hell_entry,
          minmay_shop_grove, infiniplex_staircase_spiral
Depths:3: evilmike_diamond_1, layout_basic, abyss_entry_glasseish,
          lightli_too_deep, skrybe_limestone_x, serial_corexii_hall,
          chequers_hall_statues_y, corexii_hall_statues_t,
          grunt_decor_resistance, hangedman_stitches_earthworm, uniq_vv
Depths:4: lemuel_castle_with_subvaults [lemuel_castle_interior_carwin_1],
          layout_long_grid, pf_hell_entry_great_geh, pan_entry,
          dk_noncrumbling_3, kennysheep_treasure_room, uniq_josephina
Zot:1:    layout_cathedral_of_symmetry, not_door_vault_due
Zot:2:    layout_onion_interference, hangedman_zot_decor_scrapings,
          st_single_dragon_hoard_2, uniq_grunn, uniq_parghit
Zot:3:    layout_twisted_circle, regret_index_zotdec_bone_old,
          regret_index_zotdec_misc_clamp, st_stairs_2
Zot:4:    bobbens_index_wilting_gardens, layout_onion_interference,
          nicolae_tricolors
Zot:5:    layout_misc_corridors, drop_trap

Skill      XL: |  1  2  3  4  5  6  7  8  9 10 11 12 13 14 15 16 17 18 19 20 21 22 23 24 25 26 |
---------------+-------------------------------------------------------------------------------+-----
Conjurations   | 1 2 |  2.0
Fighting       | 1 2 3 4 5 8 10 13 15 16 19 20 | 20.0
Maces & Flails | 2 3 5 6 9 11 13 14 15 16 | 16.0
Spellcasting   | 2 3 4 6 7 |  7.0
Armour         | 1 3 4 6 9 10 12 15 16 17 18 19 20 | 20.0
Shapeshifting  | 1 |  1.0
Evocations     | 1 2 4 5 7 8 9 10 11 12 13 14 | 14.5
Dodging        | 3 4 5 7 8 10 11 12 14 15 17 | 17.0
Throwing       | 3 6 7 8 10 12 14 15 16 | 16.0
Invocations    | 3 6 7 9 10 11 12 13 14 17 20 | 20.1
Earth Magic    | 3 4 7 |  7.0
Translocations | 2 3 6 7 |  7.0
Axes           | 9 15 | 15.1
Shields        | 6 11 13 14 15 | 15.0
Polearms       | 10 | 10.2
Stealth        | 2 6 8 |  8.7
Alchemy        | |  2.1

Action                     |  1- 3 |  4- 6 |  7- 9 | 10-12 | 13-15 | 16-18 | 19-21 | 22-24 | 25-27 || total
---------------------------+-------+-------+-------+-------+-------+-------+-------+-------+-------++-------
  Melee: Unarmed           |     5 |       |       |       |       |       |       |       |       ||     5
         Dagger            |     3 |       |       |       |       |       |       |       |       ||     3
         Mace              |    20 |    88 |   184 |       |       |       |       |       |       ||   292
         Headbutt          |     3 |    12 |    54 |    62 |   231 |   286 |   244 |   244 |    86 ||  1222
         Dire flail        |       |       |   105 |   333 |   867 |   875 |       |       |       ||  2180
         Broad axe         |       |       |       |       |       |    85 |    38 |       |       ||   123
         Demon trident     |       |       |       |       |       |       |  1057 |  1021 |   408 ||  2486
  Throw: Stone             |     3 |     8 |    10 |    22 |    40 |       |       |       |       ||    83
         Dart              |       |     9 |     4 |       |     1 |     3 |     4 |     5 |     2 ||    28
         Boomerang         |       |     2 |     2 |       |    11 |   339 |   254 |   155 |    66 ||   829
         Throwing net      |       |     1 |       |       |       |       |     1 |     5 |     1 ||     8
         Javelin           |       |       |       |       |       |     6 |       |     8 |    21 ||    35
   Cast: Sting             |    56 |    54 |       |       |       |       |       |       |       ||   110
         Apportation       |       |       |       |       |       |       |     3 |     8 |     1 ||    12
 Invoke: Ancestor Identity |       |       |     1 |       |       |       |       |       |       ||     1
         Recall Ancestor   |       |       |     1 |       |     7 |    14 |     4 |     5 |     8 ||    39
         Ancestor Life: He |       |       |     1 |       |       |       |       |       |       ||     1
         Idealise          |       |       |       |       |     6 |    18 |    10 |    13 |     5 ||    52
  Evoke: Wand              |       |       |     5 |     1 |     9 |    23 |     9 |    29 |     9 ||    85
         Tin of tremorston |       |       |       |       |     8 |     9 |     7 |    10 |     4 ||    38
         Phantom mirror    |       |       |       |       |     3 |     6 |     5 |     5 |     3 ||    22
         Phial of floods   |       |       |       |       |     1 |     3 |     6 |     2 |     1 ||    13
         Box of beasts     |       |       |       |       |       |     1 |     1 |     3 |     2 ||     7
    Use: Scroll            |       |     6 |    14 |     5 |     7 |    11 |    27 |    22 |     8 ||   100
         Potion            |       |       |     1 |     4 |       |     6 |     7 |    12 |     9 ||    39
   Stab: Confused          |       |       |     2 |     5 |    13 |    21 |    54 |    36 |    11 ||   142
         Distracted        |       |       |       |     5 |    17 |    13 |    27 |    24 |     9 ||    95
         Invisible         |       |       |       |     7 |       |       |       |     5 |       ||    12
         Paralysed         |       |       |       |       |    28 |    89 |    73 |    84 |    14 ||   288
         Held in net/web   |       |       |       |       |       |       |       |     8 |       ||     8
 Armour: Robe              |    25 |     4 |       |       |       |       |       |       |       ||    29
         Leather armour    |       |    31 |       |       |       |       |       |       |       ||    31
         Scale mail        |       |    23 |   118 |    93 |       |       |       |       |       ||   234
         Plate armour      |       |       |       |    27 |       |       |       |       |       ||    27
         Chain mail        |       |       |       |   104 |   611 |   915 |   320 |    64 |       ||  2014
         Quicksilver drago |       |       |       |       |       |       |       |   240 |    85 ||   325
         Troll leather arm |       |       |       |       |       |       |       |       |    16 ||    16
  Dodge: Dodged            |    20 |    50 |   146 |   143 |   454 |   510 |   203 |   219 |    79 ||  1824
  Block: Kite shield       |       |       |       |       |       |    81 |   282 |   254 |   119 ||   736

Table legend: (Time is in decaauts)
 A = Elapsed time spent in this place.
 B = Non-inter-level travel time spent in this place.
 C = Inter-level travel time spent in this place.
 D = Time resting spent in this place.
 E = Time spent auto-exploring this place.
 F = Levels seen in this place.
 G = Mean time per level.
                   A        B        C        D        E       F      G
               +--------+--------+--------+--------+--------+-----+--------+
         Total |  73124 |  66194 |   6930 |   6959 |  43996 |  52 | 1406.2 |
       Dungeon |  18100 |  15688 |   2412 |   1195 |  11138 |  15 | 1206.7 |
        Temple |     18 |     10 |      8 |      0 |      0 |   1 |   18.0 |
          Lair |   6939 |   6264 |    675 |    193 |   4916 |   5 | 1387.8 |
        Shoals |   6824 |   6499 |    325 |    523 |   4544 |   4 | 1706.0 |
     Snake Pit |  10536 |   9897 |    639 |    884 |   7271 |   4 | 2634.0 |
  Orcish Mines |   2295 |   1782 |    513 |    252 |   1066 |   2 | 1147.5 |
   Elven Halls |   5931 |   5366 |    565 |   1566 |   2726 |   3 | 1977.0 |
        Vaults |   8685 |   8083 |    602 |    695 |   5296 |   5 | 1737.0 |
        Depths |   7473 |   6876 |    597 |    632 |   4701 |   4 | 1868.2 |
           Zot |   5474 |   4883 |    591 |    946 |   2113 |   5 | 1094.8 |
         Trove |     58 |     58 |      0 |      0 |      0 |   1 |   58.0 |
         Sewer |    220 |    220 |      0 |      4 |    127 |   1 |  220.0 |
       Ossuary |    217 |    217 |      0 |      0 |      0 |   1 |  217.0 |
       Volcano |    350 |    350 |      0 |     64 |     95 |   1 |  350.0 |
               +--------+--------+--------+--------+--------+-----+--------+

Top non-repeatable levels by time:
 Snake:3: 4772 daAuts
 Snake:4: 2870 daAuts
Depths:3: 2452 daAuts
Depths:4: 2423 daAuts
   Zot:5: 2176 daAuts
  Lair:3: 2161 daAuts
   Elf:2: 2089 daAuts
Vaults:5: 1986 daAuts
Shoals:3: 1980 daAuts
   Elf:1: 1954 daAuts
Shoals:4: 1923 daAuts
Vaults:1: 1920 daAuts
    D:15: 1915 daAuts
   Zot:4: 1906 daAuts
    D:14: 1888 daAuts
